Map: Prion Terraces

Players

xKawaiian - Winner!

  • Race: Terran Terran
  • League: Master

Krul

  • Race: Zerg Zerg
  • League: Master

VOD

Have the link to the VOD?

Description

Time

  • Played on: Jan. 15, 2016, 11:40 p.m.
  • Length: 13:41
Show
View Real Time Build Order
Export as new Build Order

xKawaiian Terran - Winner!

Build Orders: Reaper Expand, MMM Bio 

Get SALT Encoding   

  12  0:00  SCV  
  13  0:13  SCV  
  14  0:17  Supply Depot  
  14  0:25  SCV  
  15  0:39  SCV  
  15  0:41  Barracks  
  16  0:46  Refinery  
  16  0:51  SCV  
  17  1:03  SCV  
  18  1:15  SCV  
  19  1:30  Orbital Command  
  19  1:31  Reaper  
  20  1:40  Command Center  
  20  1:51  Supply Depot  
  20  1:56  SCV  
  21  2:03  Barracks Reactor  
  21  2:08  SCV  
  22  2:09  Barracks  
  22  2:16  Barracks  
  22  2:20  SCV  
  23  2:32  SCV  
  24  2:41  Reaper  
  24  2:42  Reaper  
  26  2:44  SCV  
  27  2:53  Orbital Command  
  27  2:56  SCV  
  27  2:57  Refinery  
  28  2:58  Barracks Tech Lab  
  28  3:04  Marine  
  29  3:08  SCV  
  29  3:12  Supply Depot  
  30  3:13  Marine  
  30  3:14  Factory  
  30  3:18  Marine  
  30  3:19  SCV  
  33  3:21  SCV  
  33  3:22  Marine  
  33  3:26  Marine  
  36  3:31  SCV, Marine  
  36  3:33  SCV  
  39  3:36  Stimpack  
  39  3:42  Marine  
  39  3:43  SCV  
  39  3:45  SCV  
  39  3:48  Marine x2  
  44  3:51  Bunker  
  44  3:53  Marine  
  44  3:55  SCV  
  46  3:57  SCV  
  46  4:00  Supply Depot  
  46  4:02  Starport  
  47  4:03  Factory Reactor  
  47  4:05  Marine  
  47  4:07  SCV  
  47  4:09  SCV  
  50  4:11  Marine x3  
  53  4:19  SCV  
  53  4:22  SCV, Marine  
  56  4:29  Marine  
  56  4:31  SCV  
  56  4:34  SCV  
  56  4:36  Marine x2  
  58  4:42  Command Center, Marine  
  60  4:47  Medivac  
  60  4:49  Marine  
  62  4:52  Supply Depot  
  62  4:56  Supply Depot, Barracks Reactor  
  62  4:58  Supply Depot  
  62  4:59  Factory Reactor  
  62  5:11  SCV x2, Medivac, Marine x2  
  62  5:14  Refinery  
  68  5:15  Refinery  
  68  5:17  Engineering Bay  
  68  5:18  Engineering Bay  
  68  5:21  Marine  
  68  5:22  Medivac  
  68  5:26  SCV  
  68  5:27  SCV  
  73  5:29  Marine  
  73  5:35  Hellion  
  76  5:36  Hellion  
  76  5:38  SCV  
  76  5:39  SCV, Marine  
  76  5:40  Marine  
  82  5:43  Marine  
  82  5:46  Combat Shields  
  83  5:51  SCV  
  83  5:52  Terran Infantry Weapons Level 1  
  84  5:57  Terran Infantry Armor Level 1  
  84  6:02  Marine  
  85  6:04  Hellion x2  
  85  6:11  Medivac, Marine  
  90  6:14  Orbital Command  
  92  6:23  Marine x3  
  95  6:26  Hellion  
  95  6:30  Marine x2  
  95  6:31  Barracks  
  95  6:32  Barracks  
  99  6:36  Hellion  
  101  6:41  Armory  
  101  6:43  Marine  
  101  6:44  Marine  
  105  6:47  Hellion, Medivac  
  105  6:49  Medivac  
  105  7:03  Marine x3  
  105  7:05  Widow Mine  
  109  7:10  Supply Depot x2, Missile Turret  
  109  7:17  Marine  
  109  7:18  Marine  
  109  7:19  Marine  
  109  7:24  Barracks Reactor  
  109  7:25  Missile Turret  
  109  7:27  Marine  
  109  7:29  Marine  
  109  7:31  Medivac x2, Marine  
  109  7:36  Orbital Command  
  112  7:38  Marine  
  112  7:40  SCV  
  112  7:41  Marine  
  112  7:45  Barracks Reactor, Marine  
  112  7:46  SCV  
  106  7:52  SCV  
  106  7:54  Marine x2  
  101  8:01  Medivac x2  
  101  8:04  Marine  
  101  8:05  Hellion, Marine  
  107  8:06  Hellion  
  107  8:07  SCV  
  107  8:09  SCV  
  107  8:10  SCV  
  110  8:14  Marine x2  
  110  8:17  Marine x3  
  110  8:19  SCV  
  111  8:20  Terran Infantry Weapons Level 2  
  111  8:22  Terran Infantry Armor Level 2, Marine  
  112  8:27  Marine x2  
  112  8:29  Widow Mine  
  112  8:31  Medivac  
  118  8:35  Marine x2  
  118  8:40  Supply Depot  
  113  8:42  Supply Depot  
  113  8:44  Marine  
  113  8:45  Marine x2  
  94  8:49  Marine x2  
  94  8:50  Marine  
  94  8:52  Marine x2  
  94  8:55  Barracks  
  96  8:56  Refinery x2, Barracks  
  96  9:02  Marine x2  
  93  9:05  Marine  
  93  9:07  Hellion x2  
  93  9:09  Marine  
  98  9:17  Marine x2  
  98  9:21  Marine x3  
  98  9:23  Command Center, Medivac  
  105  9:25  Missile Turret  
  105  9:26  SCV  
  105  9:27  SCV x2  
  108  9:32  Marine x2  
  108  9:35  Widow Mine  
  108  9:36  Widow Mine  
  114  9:38  SCV  
  114  9:40  Marine  
  114  9:43  Marine x2  
  114  9:44  SCV  
  117  9:49  Marine  
  117  9:52  Marine x2  
  116  9:53  Barracks Reactor, Barracks Tech Lab  
  116  9:58  Marine  
  114  10:02  Marine x2  
  114  10:03  Widow Mine  
  114  10:05  Widow Mine  
  116  10:08  Marine  
  116  10:10  SCV x3  
  105  10:14  Marine x2  
  105  10:17  Medivac x2  
  109  10:22  SCV  
  109  10:25  Marine x2  
  109  10:26  Marine  
  109  10:27  Marine  
  114  10:32  Widow Mine  
  114  10:34  Widow Mine  
  114  10:37  Marine x2  
  114  10:39  Terran Infantry Weapons Level 3  
  107  10:45  Marine x3  
  107  10:46  Missile Turret  
  107  10:47  Medivac  
  112  10:51  Terran Infantry Armor Level 3  
  112  10:52  SCV  
  112  10:53  SCV  
  112  10:54  SCV  
  115  11:00  Widow Mine  
  115  11:02  Widow Mine  
  117  11:09  Marine x2  
  117  11:10  Medivac  
  117  11:11  Marine x2  
  121  11:12  Marine  
  121  11:13  Marine  
  121  11:17  Medivac  
  125  11:24  Marine x6  
  124  11:26  Marine  
  124  11:27  Marine  
  124  11:29  Widow Mine  
  124  11:30  Factory  
  124  11:31  SCV, Starport, Widow Mine  
  124  11:32  Orbital Command  
  130  11:33  Factory, Refinery  
  130  11:34  Refinery  
  130  11:37  Marine x2  
  132  11:40  Marine  
  132  11:41  Marine x2  
  132  11:42  Marauder  
  132  11:43  Marauder  
  139  11:50  Supply Depot  
  139  11:51  Supply Depot, Marine  
  140  11:57  Widow Mine  
  140  11:59  Widow Mine  
  140  12:00  Marine  
  145  12:04  Marauder x2  
  145  12:05  Marine  
  145  12:06  Marine  
  145  12:08  Marine x2  
  151  12:10  Starport Tech Lab  
  151  12:14  Marine x2  
  151  12:15  Marine  
  151  12:20  Marine  
  151  12:21  Marine  
  151  12:22  Marine  
  144  12:23  SCV, Marine  
  144  12:25  Marauder x2  
  144  12:26  Factory Tech Lab, Widow Mine  
  144  12:27  Supply Depot  
  144  12:28  Widow Mine  
  147  12:31  Marine  
  147  12:32  Marine x2  
  147  12:37  Marine x3  
  147  12:47  Marine x3, Marauder x2  
  147  12:49  Widow Mine  
  156  12:54  Marine x3  
  153  13:01  Command Center  
  153  13:02  Marine  
  140  13:05  Marine  
  140  13:08  Marauder x2  
  143  13:14  Marine x2  
  143  13:18  Marine  
  143  13:19  Marine  
  142  13:20  Marine  
  142  13:21  Marine  
  142  13:22  Factory Tech Lab  
Show
View Real Time Build Order
Export as new Build Order

Krul Zerg 

Build Orders: Hatch First, Muta Ling Bane 

Get SALT Encoding   

  12  0:01  Drone  
  13  0:12  Overlord  
  13  0:17  Drone  
  14  0:30  Drone x2  
  14  0:34  Drone  
  17  0:52  Hatchery  
  17  0:55  Drone  
  17  0:58  Drone  
  18  1:09  Extractor  
  17  1:12  Spawning Pool  
  17  1:15  Drone  
  17  1:18  Drone  
  18  1:28  Drone  
  19  1:39  Overlord  
  19  1:51  Drone  
  20  1:59  Queen  
  20  2:00  Zergling x2  
  23  2:04  Queen  
  23  2:05  Zergling x2  
  26  2:13  Metabolic Boost  
  26  2:19  Drone x2  
  28  2:23  Drone  
  29  2:30  Drone  
  29  2:35  Overlord  
  30  2:40  Queen  
  32  2:45  Drone x2  
  34  2:52  Drone  
  34  2:54  Drone  
  36  2:59  Drone  
  36  3:04  Overlord  
  37  3:11  Drone x4  
  41  3:15  Zergling x4  
  41  3:16  Drone  
  44  3:20  Overlord  
  44  3:29  Drone  
  45  3:36  Drone x2  
  45  3:37  Hatchery  
  46  3:46  Zergling x10  
  50  3:55  Drone  
  50  3:56  Drone x2  
  50  3:58  Extractor x2  
  51  4:04  Overlord, Queen  
  53  4:11  Zergling x6  
  57  4:17  Drone x3  
  59  4:25  Evolution Chamber  
  59  4:26  Evolution Chamber  
  59  4:30  Drone x2  
  59  4:31  Drone x2  
  58  4:41  Drone  
  59  4:45  Drone  
  59  4:46  Drone x3  
  63  4:59  Zerg Ground Armor Level 1  
  63  5:00  Zerg Melee Weapons Level 1  
  63  5:01  Lair, Drone  
  63  5:03  Drone x3  
  63  5:04  Drone  
  63  5:05  Drone x2  
  70  5:12  Baneling Nest  
  69  5:20  Drone x2  
  71  5:22  Drone  
  71  5:24  Drone, Extractor  
  71  5:25  Overlord  
  71  5:26  Overlord  
  72  5:31  Zergling x2  
  72  5:35  Spine Crawler  
  72  5:37  Drone  
  72  5:39  Overlord  
  73  5:44  Spore Crawler  
  73  5:46  Zergling x10  
  77  5:53  Drone x3  
  77  5:54  Drone  
  77  5:57  Drone  
  82  6:02  Spire  
  82  6:03  Extractor  
  80  6:05  Extractor  
  80  6:07  Queen  
  80  6:08  Queen  
  80  6:09  Zergling x2  
  80  6:10  Zergling x16  
  90  6:13  Baneling x2  
  90  6:14  Baneling  
  90  6:23  Overlord  
  90  6:24  Overlord  
  90  6:28  Hatchery  
  90  6:29  Spore Crawler  
  88  6:34  Drone x2  
  88  6:36  Overlord x6  
  79  7:07  Drone x2, Spore Crawler  
  79  7:08  Drone x2  
  81  7:10  Spine Crawler  
  81  7:12  Zerg Ground Armor Level 2, Zerg Melee Weapons Level 2  
  81  7:14  Mutalisk x7  
  82  7:32  Mutalisk x3  
  72  7:52  Mutalisk  
  72  7:53  Extractor  
  70  7:59  Zergling x22  
  73  8:20  Baneling x4  
  73  8:21  Baneling x5  
  73  8:22  Zergling x2  
  73  8:23  Zergling x12  
  80  8:28  Zergling x4  
  80  8:29  Zergling x2  
  83  8:38  Zergling x12  
  87  8:46  Mutalisk x2  
  78  9:02  Zergling x2  
  74  9:03  Zergling x18  
  72  9:10  Drone x4  
  77  9:17  Drone x5  
  78  9:24  Overseer  
  78  9:29  Centrifical Hooks  
  78  9:32  Zergling x8  
  78  9:35  Baneling x5  
  78  9:36  Baneling  
  82  9:46  Baneling  
  82  9:47  Baneling x12  
  82  9:48  Zergling x4  
  77  10:09  Zergling x18  
  77  10:10  Zergling x12  
  78  10:16  Drone x3  
  78  10:18  Overlord  
  78  10:19  Drone x2  
  81  10:26  Extractor  
  81  10:27  Extractor  
  76  10:30  Zergling x2  
  76  10:31  Zergling x8  
  78  10:40  Drone x5  
  81  10:45  Mutalisk x2  
  79  11:01  Mutalisk x3  
  82  11:17  Zergling x2  
  82  11:18  Zergling x16  
  90  11:25  Baneling x6  
  82  11:26  Baneling  
  82  11:27  Queen  
  83  11:34  Zergling x2  
  83  11:35  Zergling x12  
  90  11:44  Zerg Flyer Weapons Level 1  
  90  11:45  Mutalisk, Infestation Pit  
  90  11:46  Mutalisk  
  93  11:53  Zergling x14  
  100  11:56  Baneling x5  
  91  12:08  Zergling x2  
  91  12:09  Zergling x14  
  83  12:17  Mutalisk x2  
  76  12:27  Overseer  
  65  12:36  Zergling x10  
  65  12:37  Zergling x8  
  73  12:38  Baneling x9  
  63  13:00  Mutalisk x2  
  63  13:05  Zergling x8  
  66  13:09  Mutalisk  
  67  13:19  Zergling x2  
  63  13:20  Zergling x4  
Tags
 
Add a new tag
Caveats
  • Supply blocks, unpowered buildings, or Contaminate may cause inaccurate times.
  • Supply counts are checked every 10 seconds.